 Dungeon Crawl Stone Soup version 0.20-a0-941-gba1b1f9 (webtiles) character file.

1035 HeyBub the Slasher (level 8, -5/69 HPs)
             Began as a Green Draconian Berserker on Mar 31, 2017.
             Was a Follower of Lugonu.
             Slain by a black bear (10 damage)
             ... created by the rage of Trog
             ... on level 6 of the Dungeon.
             The game lasted 00:07:18 (5173 turns).

HeyBub the Slasher (Green Draconian Berserker)      Turns: 5173, Time: 00:07:18

Health: -5/69      AC:  6    Str: 21    XL:     8   Next: 3%
Magic:  8/8        EV: 14    Int:  8    God:    Lugonu [*.....]
Gold:   329        SH:  0    Dex: 11    Spells: 7/7 levels left

rFire    . . .     SeeInvis .   m - +0 long sword
rCold    . . .     Gourm    .   (no shield)
rNeg     . . .     Faith    .   (armour unavailable)
rPois    +         Spirit   .   (helmet restricted)
rElec    .         Reflect  .   (no cloak)
rCorr    .         Harm     .   (no gloves)
MR       .....                  (no boots)
Stlth    ++........             (no amulet)
Regen    0.3/turn               (no ring)
MPRegen  0.2/turn               (no ring)

@: short of breath
A: breathe noxious fumes, unfitting armour, poison resistance, cold-blooded, AC
+6
a: Breathe Noxious Fumes, Depart the Abyss, Renounce Religion


You were on level 6 of the Dungeon.
You worshipped Lugonu.
Lugonu was aware of your devotion.
You were very hungry.

You visited 2 branches of the dungeon, and saw 7 of its levels.

You collected 329 gold pieces.

Inventory:

Hand Weapons
 a - a +0 falchion
 m - a +0 long sword (weapon)
 x - a +0 hand crossbow
Jewellery
 s - the amulet "Jatturyu" {+Rage Slay+6, unknown}
   (You found it on level 4 of the Dungeon)

   [amulet of rage]

   It affects your accuracy and damage with ranged weapons and melee attacks
   (+6).
   It lets you go berserk.
Wands
 k - a wand of digging (4/24)
 v - a wand of disintegration (5/24)
Scrolls
 e - 3 scrolls of fear {unknown}
 f - 5 scrolls of teleportation {unknown}
 h - 2 scrolls of enchant armour {unknown}
 n - a scroll of noise {unknown}
 p - a scroll of amnesia {unknown}
 q - a scroll of fog
 t - 2 scrolls of identify {unknown}
 y - a scroll of recharging {unknown}
 B - a scroll of remove curse {unknown}
Potions
 c - a potion of heal wounds {unknown}
 d - a potion of curing
 j - a potion of resistance {unknown}
 l - 2 potions of degeneration {unknown}
 o - a potion of magic {unknown}
 r - a potion of lignification {unknown}
 u - a potion of agility
 w - a potion of flight {unknown}
Comestibles
 g - a royal jelly
 i - 2 meat rations
 z - 2 bread rations


   Skills:
 + Level 5.5 Fighting
 + Level 7.5 Long Blades
 + Level 4.5 Dodging
 + Level 2.2 Stealth


You had 7 spell levels left.
You didn't know any spells.

Dungeon Overview and Level Annotations

Branches:
Dungeon (6/15)             Temple (1/1) D:5

Altars:
Cheibriados
Elyvilon
Fedhas
Hepliaklqana
Makhleb
Nemelex Xobeh
Qazlal
Trog
Uskayaw
Zin
The Shining One
Lugonu


Innate Abilities, Weirdness & Mutations

You can breathe blasts of noxious fumes.
Your lurid green scales are hard. (AC +6)
You cannot fit into any form of body armour.
Your system is resistant to poisons. (rPois)
You are cold-blooded and may be slowed by cold attacks.


Message History

* * * LOW HITPOINT WARNING * * *
The polar bear barely misses you. The polar bear misses you.
As you read the scroll labeled TIOTOAC WAOFI, it crumbles to dust.
You feel aware of your surroundings.
You sensed 2 altars.
It was a scroll of magic mapping.
The black bear barely misses you.
The black bear claws you but does no damage.
The black bear barely misses you. The polar bear barely misses you.
You riposte.
You hit the polar bear.
You tail-slap the polar bear, but do no damage.
The polar bear is heavily wounded.
The polar bear closely misses you.
The polar bear claws you but does no damage.
The black bear completely misses you.
The black bear claws you but does no damage.
The black bear barely misses you.
As you read the scroll labeled QEDDUVU CUDAI, it crumbles to dust.
The scroll dissolves into smoke.
It was a scroll of fog.
The polar bear completely misses you. The polar bear barely misses you. x2
The black bear bites you!
You die...

.........##..#,,,,,,,,,,,,****
*,
.........##.............,,,*
*,
..........##............,,,*
*,
......#...##............,,,*
*,
._8_..#.................,,,*
*,
......##................,,,*
*,
.......#......§§.§§.....,,,*
*,
...............h§§......,,,*
**
..............§h@§......,,**
.......###h.##.§§§......***
......## ##>############*
##...## #..# ####* ##.# ###


You could see a polar bear (berserk) and a black bear (berserk).

Vanquished Creatures
  A phantom (D:5)
  An ogre (D:5)
  A centaur (D:5)
  A water moccasin zombie (D:5)
  A scorpion (D:4)
  A crimson imp (D:3)
  3 hounds
  Crazy Yiuf (D:4)
  3 orc priests (D:5)
  2 orc wizards (D:5)
  Jessica (D:2)
  3 iguanas
  Ijyb (D:5)
  Terence (D:3)
  2 worker ants
  A hound skeleton (D:4)
  A worker ant zombie (D:5)
  7 adders
  A shadow imp (D:5)
  An ooze (D:3)
  An adder skeleton (D:5)
  3 worms
  3 leopard geckos
  5 orcs
  2 giant cockroaches
  7 goblins
  5 hobgoblins
  11 jackals
  4 quokkas
  4 bats
  7 frilled lizards
  4 kobolds
  2 leopard gecko skeletons
  A quokka skeleton (D:4)
  A quokka zombie (D:5)
  8 rats
102 creatures vanquished.

Notes
Turn   | Place    | Note
-------+----------+-------------------------------------------
     0 | D:1      | HeyBub the Draconian Berserker began the quest for the Orb.
     0 | D:1      | Reached XP level 1. HP: 19/19 MP: 1/1
    98 | D:1      | Reached XP level 2. HP: 20/26 MP: 2/2
   328 | D:1      | Reached ** piety under Trog
   712 | D:2      | Reached XP level 3. HP: 31/33 MP: 3/3
   902 | D:2      | Noticed Jessica
   907 | D:2      | Killed Jessica
   907 | D:2      | Reached skill level 4 in Long Blades
   907 | D:2      | Reached XP level 4. HP: 35/40 MP: 4/4
  1470 | D:3      | Noticed Terence
  1486 | D:3      | Killed Terence
  1486 | D:3      | Reached skill level 1 in Stealth
  1891 | D:3      | Found a stormy altar of Qazlal.
  1974 | D:3      | Reached XP level 5. HP: 46/46 MP: 5/5
  2661 | D:4      | Found a burning altar of Makhleb.
  2666 | D:4      | Reached skill level 5 in Long Blades
  2667 | D:4      | Reached XP level 6. HP: 38/53 MP: 6/6
  2971 | D:4      | Found a runed door.
  3046 | D:4      | Noticed Crazy Yiuf
  3052 | D:4      | Killed Crazy Yiuf
  3355 | D:4      | Got a scintillating zirconium amulet
  3649 | D:5      | Entered Level 5 of the Dungeon
  3653 | D:5      | Reached *** piety under Trog
  3668 | D:5      | Noticed Ijyb
  3670 | D:5      | Reached skill level 6 in Long Blades
  3682 | D:5      | Your scales start taking on a lurid green colour.
  3682 | D:5      | Reached XP level 7. HP: 29/60 MP: 7/7
  3682 | D:5      | Gained mutation: Your system is resistant to poisons. (rPois) [Green Draconian growth]
  3683 | D:5      | Killed Ijyb
  3686 | D:5      | Reached skill level 5 in Fighting
  4271 | D:5      | Found a staircase to the Ecumenical Temple.
  4290 | Temple   | Entered the Ecumenical Temple
  4310 | Temple   | Fell from the grace of Trog
  4310 | Temple   | Became a worshipper of Lugonu the Unformed
  4310 | Temple   | Reached * piety under Lugonu
  4335 | D:5      | Found a blossoming altar of Fedhas.
  4622 | D:5      | Reached skill level 7 in Long Blades
  4911 | D:5      | Reached XP level 8. HP: 55/69 MP: 8/8
  4992 | D:6      | Found a glowing golden altar of the Shining One.
  5144 | D:6      | Found a snail-covered altar of Cheibriados.
  5144 | D:6      | Found a white marble altar of Elyvilon.
  5163 | D:6      | Noticed a polar bear
  5163 | D:6      | Noticed a polar bear
  5163 | D:6      | Noticed a polar bear
  5173 | D:6      | Slain by a black bear

Vault maps used:
D:1:      elethiomel_arrival_maze
D:2:      uniq_jessica
D:3:      grunt_qazlal_clouds, uniq_terence
D:4:      makhleb_blood_cavern_becter, uniq_crazy_yiuf_cottage
D:5:      fedhas_altar_2, minmay_temple_entry_statues_pillars, first_bread,
          minmay_misc_feat_plants, uniq_iyjb
D:6:      nicolae_overflow_crystal_walls, lemuel_round_altar,
          old_standard_altar, chequers_temple_overflow_statue_of_worship,
          uniq_eustachio
Temple:   kb_corrupted_temple

Skill      XL: |  1  2  3  4  5  6  7 |
---------------+----------------------+-----
Dodging        | 3 4 |  4.5
Fighting       | 4 5 |  5.5
Long Blades    | 4 5 6 7 |  7.5
Stealth        | 1 2 |  2.2

Action                   |  1- 3 |  4- 6 |  7- 9 || total
-------------------------+-------+-------+-------++-------
Melee: Falchion          |    86 |    10 |       ||    96
       Tailslap          |    12 |    26 |    21 ||    59
       Long sword        |       |   137 |    93 ||   230
Invok: Berserk           |       |     3 |       ||     3
 Abil: Breathe Noxious F |       |       |     2 ||     2
  Use: Potion            |       |     1 |     2 ||     3
       Scroll            |       |       |     3 ||     3
 Stab: Sleeping          |     1 |     3 |       ||     4
  Eat: Chunk             |       |     2 |     5 ||     7
       Bread ration      |       |     2 |       ||     2
Armor: Skin              |    20 |    42 |    32 ||    94
Dodge: Dodged            |    58 |   123 |    89 ||   270
       Rpst.: Falchion   |    18 |     1 |       ||    19
       Long sword        |       |    42 |    28 ||    70
